 Dungeon Crawl Stone Soup version 0.31.0-11-ge490571c62 (webtiles) character file.

Game seed: 17341246856797147989

11 Arctor the Firebug (level 2, -3/15 HPs)
             Began as a Deep Elf Fire Elementalist on Feb 1, 2024.
             Slain by a hobgoblin (5 damage)
             ... on level 1 of the Dungeon.
             The game lasted 00:00:18 (1178 turns).

Arctor the Firebug (Deep Elf Fire Elementalist)     Turns: 1178, Time: 00:00:18

Health: -3/15      AC:  2    Str:  5    XL:     2   Next: 17%
Magic:  7/8        EV: 13    Int: 19    God:
Gold:   74         SH:  0    Dex: 15    Spells: 4/7 levels left

rFire   . . .        (no weapon)
rCold   . . .        (no shield)
rNeg    . . .        a - +0 robe
rPois   .            (no helmet)
rElec   .            (no cloak)
rCorr   .            (no gloves)
SInv    .            (no boots)
Will    .....        (no amulet)
Stlth   ++           (no ring)
HPRegen 0.22/turn    (no ring)
MPRegen 0.11/turn

%: no passive effects
@: no status effects
A: no striking features
a: no special abilities


You were on level 1 of the Dungeon.
You visited 1 branch of the dungeon, and saw 1 of its levels.

You collected 74 gold pieces.

Inventory:

Armour
 a - a +0 robe (worn)
Scrolls
 c - a scroll of blinking {unknown}
Potions
 b - a potion of magic
 d - a potion of mutation {unknown}


   Skills:
 + Level 2.7 Dodging
 + Level 2.7 Stealth
 + Level 3.2 Spellcasting
 + Level 1.4 Conjurations
 + Level 3.4 Fire Magic


You had 4 spell levels left.
You knew the following spells:

 Your Spells              Type           Power      Damage    Failure   Level
a - Foxfire               Conj/Fire      48%        2x1d6     5%          1
b - Scorch                Fire           32%        2d6       5%          2

Your spell library contained the following spells:

 Spells                   Type           Power      Damage    Failure   Level
 Inner Flame              Hex/Fire       9%         N/A       22%         3
 Volatile Blastmotes      Fire/Tloc      18%        2d11      22%         3
 Flame Wave               Conj/Fire      12%        2d6       47%         4


Dungeon Overview and Level Annotations

Branches:
Dungeon (1/15)

Altars:


Message History

You conjure some foxfire!
No target in view!
Your foxfire dissipates!
There is a stone staircase leading down here.
A hobgoblin comes into view.
You conjure some foxfire!
The hobgoblin shouts!
The hobgoblin hits you.
You barely miss the hobgoblin.
The hobgoblin hits you but does no damage.
A hobgoblin is nearby!
You barely miss the hobgoblin. The hobgoblin misses you.
There is not enough space to conjure foxfire!
A hobgoblin is nearby!
You closely miss the hobgoblin. The hobgoblin hits you.
You conjure some foxfire!
The hobgoblin hits you.
* * * LOW HITPOINT WARNING * * *
You are too injured to fight recklessly!
A hobgoblin is nearby!
You are too injured to fight recklessly!
You are too injured to fight recklessly!
A hobgoblin is nearby!
You are too injured to fight recklessly!
You are too injured to fight recklessly!
You closely miss the hobgoblin. The hobgoblin closely misses you.
You hit the hobgoblin.
The hobgoblin is lightly wounded.
The hobgoblin hits you but does no damage.
You hit the hobgoblin but do no damage.
The hobgoblin is lightly wounded.
The hobgoblin hits you.
* * * LOW HITPOINT WARNING * * *
You closely miss the hobgoblin.
The hobgoblin is lightly wounded.
Your foxfire dissipates!
The hobgoblin closely misses you.
You hit the hobgoblin but do no damage.
The hobgoblin is lightly wounded.
The hobgoblin hits you.
You die...

#.# #......).....# #.# ##.##
###.........## #.# ##...##
#####...#### #.# ######....)##
#.........# #.# ............#
#.###...#.# #.#
######......###.#.###.##.# ###.##
# ##...#.##.###§...##.###.....
########.##.#.#g#§#.###...##.....
.........##.#. #@##.....#........
#####.......#. ####.###...##.....
# ##.#######.###.## ##.###..... #
#.# #...######.# #.#### # #.#
##.........# #.# # # #.#
##############.# # # #.#
#..............# # # #.#
#.############## # # #.# #.# #


You could see a hobgoblin.

Vanquished Creatures
  2 endoplasms (D:1)
  3 goblins (D:1)
  A kobold (D:1)
  A ball python (D:1)
  A bat (D:1)
  2 frilled lizards (D:1)
  A rat (D:1)
11 creatures vanquished.

Vanquished Creatures (others)
  65 foxfires (D:1)
65 creatures vanquished.

Grand Total: 76 creatures vanquished

Notes
Turn   | Place    | Note
-------+----------+-------------------------------------------
     0 | D:1      | Arctor the Deep Elf Fire Elementalist began the quest for
                  | the Orb.
     0 | D:1      | Reached XP level 1. HP: 10/10 MP: 6/6
   584 | D:1      | Reached XP level 2. HP: 8/15 MP: 5/8
   587 | D:1      | Learned a level 2 spell: Scorch
  1054 | D:1      | Found a faded altar of an unknown god.
  1178 | D:1      | Slain by a hobgoblin

Illustrated notes

Levels and vault maps discovered:
D:1:      elethiomel_arrival_infinity_welcomes_careful_drivers,
          layout_loops_ring, basic_ecumenical_altar

Action                     || total
---------------------------++-------
  Melee: Unarmed           ||    17
         Punch             ||     1
   Cast: Foxfire           ||    46
 Armour: Robe              ||    16
  Dodge: Dodged            ||    18
